 Dungeon Crawl Stone Soup version 0.30-a0-1043-g60ff8d5f49 (webtiles) character file.

Game seed: 12680123194538953983

2617 cforsyth the Summoner (level 9, -4/51 HPs)
             Began as an Octopode Summoner on Apr 10, 2023.
             Slain by a killer bee (5 damage)
             ... on level 7 of the Dungeon.
             The game lasted 00:16:04 (10192 turns).

cforsyth the Summoner (Octopode Summoner)          Turns: 10192, Time: 00:16:04

Health: -4/51      AC:  1    Str:  7    XL:     9   Next: 60%
Magic:  7/19       EV: 13    Int: 21    God:
Gold:   434        SH:  0    Dex: 13    Spells: 9/22 levels left

rFire   . . .      SeeInvis +    (no weapon)
rCold   . . .      Faith    .    (no shield)
rNeg    . . .      Spirit   .    (helmet restricted)
rPois   .          Reflect  .    (no amulet)
rElec   .          Rampage  .    g - ring of flight
rCorr   .                        f - ring of see invisible
Will    .....                    (no ring)
Stlth   +++                      (no ring)
HPRegen 0.28/turn                (no ring)
MPRegen 0.16/turn                (no ring)
                                 (no ring)
                                 (no ring)

@: flying
A: almost no armour, amphibious, 8 rings, camouflage 1, gelatinous body 1,
(nimble swimmer 1), tentacles
a: no special abilities


You were on level 7 of the Dungeon.
You visited 1 branch of the dungeon, and saw 7 of its levels.
You also visited: Sewer.

You collected 434 gold pieces.

Inventory:

Jewellery
 f - a ring of see invisible (right tentacle)
 g - a ring of flight (left tentacle)
Wands
 u - a wand of digging (1)
 v - a wand of charming (14)
Scrolls
 b - 2 scrolls of poison {unknown}
 c - a scroll of acquirement {unknown}
 d - 5 scrolls of teleportation {unknown}
 e - 4 scrolls of amnesia {unknown}
 i - 5 scrolls of identify {unknown}
 j - 2 scrolls of noise {unknown}
 l - 3 scrolls of immolation {unknown}
 o - 2 scrolls of silence {unknown}
 q - 2 scrolls of butterflies {unknown}
 t - 2 scrolls of enchant weapon {unknown}
 x - a scroll of vulnerability {unknown}
 y - 2 scrolls of fear {unknown}
Potions
 a - 2 potions of magic
 h - 4 potions of cancellation {unknown}
 k - a potion of invisibility {unknown}
 m - 2 potions of haste {unknown}
 n - 2 potions of brilliance {unknown}
 p - 2 potions of heal wounds {unknown}
 r - 4 potions of might {unknown}
 s - a potion of mutation {unknown}
 w - a potion of lignification {unknown}
 z - a potion of attraction {unknown}


   Skills:
 - Level 2.0 Dodging
 - Level 2.6 Stealth
 + Level 7.3 Spellcasting
 - Level 4.0 Hexes
 + Level 8.7 Summonings
 - Level 5.0 Air Magic


You had 9 spell levels left.
You knew the following spells:

 Your Spells              Type           Power      Damage    Failure   Level
a - Summon Small Mammal   Summ           100%       N/A       1%          1
b - Call Imp              Summ           88%        N/A       1%          2
c - Call Canine Familiar  Summ           44%        N/A       1%          3
d - Summon Guardian Gole  Hex/Summ       34%        N/A       1%          3
e - Summon Lightning Spi  Summ/Air       36%        N/A       4%          4

Your spell library contained the following spells:

 Spells                   Type           Power      Damage    Failure   Level
 Ensorcelled Hibernation  Hex/Ice        32%        N/A       6%          2
 Blink                    Tloc           14%        N/A       13%         2
 Lesser Beckoning         Tloc           14%        N/A       13%         2
 Momentum Strike          Conj/Tloc      14%        3d8       13%         2
 Ozocubu's Armour         Ice            7%         N/A       26%         3
 Spider Form              Tmut/Pois      7%         N/A       26%         3
 Anguish                  Hex/Necr       8%         N/A       36%         4
 Ozocubu's Refrigeration  Ice            3%         4d8       100%        7


Dungeon Overview and Level Annotations

Branches:
Dungeon (7/15)              Sewer (visited)
 Temple: D:4-7

Altars:
Makhleb
Wu Jian
Yredelemnul
Zin

Shops:
D:4 *


Innate Abilities, Weirdness & Mutations

You cannot wear most types of armour.
You are amphibious.
You can wear up to eight rings at the same time.
Your skin changes colour to match your surroundings (Stealth+).
Your rubbery body absorbs attacks. (AC +1, EV +1)
((You are camouflaged when in or above water. (Stealth+)))
You have tentacles for arms and can constrict up to eight enemies at once.


Message History

The ice beast hits your guardian golem but does no damage.
Casting: Summon Guardian Golem (safe; 1% risk of failure)
Confirm with . or Enter, or press ? or * to list all spells.
An electric hum fills the air.
You feel sick. The killer bee misses your hound.
The killer bee stings your hound.
Your hound looks even sicker.
The killer bee poisons your hound!
Your hound misses the killer bee. The killer bee stings your hound.
Your hound dies!
Your hound's corpse disappears in a puff of smoke!
The ice beast hits your guardian golem.
The ice beast freezes your guardian golem.
Your guardian golem resists.
Found 5 stones.
You feel sick.
The ice beast hits your guardian golem but does no damage.
Found 6 boomerangs.
You feel sick.
The ice beast hits your guardian golem but does no damage.
You feel sick.
The killer bee stings your lightning spire. x2
The ice beast hits your guardian golem.
The ice beast freezes your guardian golem.
Your guardian golem resists.
Your guardian golem overheats!
Your lightning spire shoots out a bolt of lightning at the ice beast!
The bolt of electricity hits your guardian golem.
Your guardian golem resists.
Flame seeps out of your guardian golem.
The bolt of electricity hits the ice beast.
The bolt of electricity misses the ice beast.
Casting: Summon Lightning Spire (dangerous; 4% risk of failure)
Confirm with . or Enter, or press ? or * to list all spells.
You feel sick.
You are no longer poisoned.
The killer bee stings your lightning spire but does no damage. x2
The killer bee stings you!
* * * LOW HITPOINT WARNING * * *
Your guardian golem is engulfed in blazing flames.
Flame seeps out of your guardian golem.
The killer bee stings your lightning spire but does no damage.
The killer bee stings you.
You die...

... .# #. ..##(# ..
###..#.... .#
#........( .#
.######.........
........h.....#
.###...$$.....#
.....##.y.?....... .
#..@8.####...#.#
......##9y.......#.#
...####.°#Y####?#..#
.. #......?#....#
#...###<....## #...#
#......# #####
#..<...# #......#
#......#


You could see an ice beast (ally target), 2 killer bees, a friendly guardian
golem (summoned, inner flame), a friendly lightning spire (summoned, sheltered)
and a friendly hound (summoned, sheltered).

Vanquished Creatures
  An adder (D:2)
  A worm (D:5)
  3 dart slugs (D:1)
  2 bats
  2 endoplasms
  4 goblins
  2 hobgoblins
  3 jackals (D:5)
  A quokka (D:1)
  7 ball pythons
  5 frilled lizards
  A kobold (D:1)
  2 rats (D:3)
34 creatures vanquished.

Vanquished Creatures (collateral kills)
  Eustachio (D:4)
  Menkaure (D:5)
  A water moccasin (D:5)
  2 black bears
  An orc warrior (D:6)
  Pargi (Sewer)
  A sky beast (D:6)
  A centaur (D:6)
  3 phantoms
  A wyvern zombie (D:6)
  A scorpion (D:6)
  3 water moccasin zombies (D:6)
  3 wights
  A killer bee (D:6)
  2 hounds (D:4)
  A bullfrog zombie (D:6)
  2 orc priests (D:6)
  A gnoll bouda (D:5)
  3 iguanas
  2 sleepcaps (D:6)
  2 orc wizards (D:5)
  2 killer bee zombies (D:6)
  6 gnolls (D:5)
  3 adders
  An ufetubus (D:6)
  A worm (D:4)
  2 dart slugs (D:3)
  18 orcs
  4 ball pythons
  4 endoplasms
  3 giant cockroaches
  7 goblins
  2 hobgoblins
  4 jackals
  3 kobolds
  A training dummy (D:6)
  A bat (D:1)
  2 frilled lizards (D:3)
  2 rats (D:1)
100 creatures vanquished.

Vanquished Creatures (others)
  Edmund (D:5)
  A black bear (D:5)
  An ogre (D:5)
  Blork the orc (D:5)
  Crazy Yiuf (D:6)
  2 gnolls (D:5)
  A plant (D:1)
8 creatures vanquished.

Grand Total: 142 creatures vanquished

Notes
Turn   | Place    | Note
-------+----------+-------------------------------------------
     0 | D:1      | cforsyth the Octopode Summoner began the quest for the Orb.
     0 | D:1      | Reached XP level 1. HP: 11/11 MP: 3/3
   161 | D:1      | Reached XP level 2. HP: 17/17 MP: 1/5
   694 | D:1      | Found a faded altar of an unknown god.
  1030 | D:1      | Reached XP level 3. HP: 21/21 MP: 6/6
  1033 | D:1      | Learned a level 2 spell: Call Imp
  1037 | D:1      | Learned a level 3 spell: Call Canine Familiar
  2412 | D:3      | Reached XP level 4. HP: 11/27 MP: 3/8
  2599 | D:3      | You are sucked into a shaft and drop 2 floors!
  2599 | D:5      | Entered Level 5 of the Dungeon
  2599 | D:5      | Found a glowing drain.
  2702 | Sewer    | Entered a sewer
  2761 | Sewer    | Noticed Pargi
  2803 | Sewer    | Killed Pargi
  2804 | Sewer    | Reached skill level 5 in Summonings
  2804 | Sewer    | Reached XP level 5. HP: 21/31 MP: 0/10
  3193 | D:5      | Noticed Blork the orc
  3204 | D:5      | Learned a level 3 spell: Summon Guardian Golem
  3310 | D:5      | Killed Blork the orc
  3311 | D:5      | Reached skill level 1 in Hexes
  3311 | D:5      | Reached XP level 6. HP: 36/36 MP: 2/12
  3531 | D:5      | Noticed Edmund
  3539 | D:5      | Killed Edmund
  3540 | D:5      | Reached skill level 6 in Summonings
  3953 | D:4      | Reached XP level 7. HP: 41/41 MP: 8/13
  3964 | D:4      | Learned a level 4 spell: Summon Lightning Spire
  4026 | D:4      | Found Rasy's Neck Hole.
  4768 | D:4      | Reached skill level 1 in Air Magic
  5189 | D:4      | Found a glowing silver altar of Zin.
  5349 | D:4      | Reached skill level 5 in Spellcasting
  5385 | D:4      | Noticed Eustachio
  5568 | D:4      | Killed Eustachio
  5569 | D:4      | Reached XP level 8. HP: 46/46 MP: 3/15
  6359 | D:5      | Noticed Menkaure
  6751 | D:5      | Killed Menkaure
  6752 | D:5      | Reached skill level 7 in Summonings
  7258 | D:5      | Found an ornate altar of the Wu Jian Council.
  7751 | D:5      | Found a burning altar of Makhleb.
  8227 | D:6      | Reached XP level 9. HP: 24/51 MP: 8/18
  8654 | D:6      | Reached skill level 8 in Summonings
  8737 | D:6      | Reached skill level 5 in Air Magic
  8844 | D:6      | Found a basalt altar of Yredelemnul.
  9224 | D:6      | Found a runed translucent door.
  9225 | D:6      | Noticed Crazy Yiuf
  9398 | D:6      | Killed Crazy Yiuf
 10191 | D:7      | HP: 1/51 [killer bee (8)]
 10192 | D:7      | Slain by a killer bee

Illustrated notes

Levels and vault maps discovered:
D:1:      elethiomel_arrival_infinity_welcomes_careful_drivers, layout_rooms,
          serial_aquarium, aquarium_bridge_island_small
          [aquarium_subvault_small_open, aquarium_subvault_wall,
          aquarium_subvault_balcony, aquarium_subvault_bridge,
          aquarium_subvault_wall], aquarium_window_fake, aquarium_window_2,
          aquarium_view_2b, aquarium_view_4, aquarium_balcony_3b,
          aquarium_pool_side, shapermc_ecumenical_altar_ellora,
          minmay_heptomino_l4
D:2:      layout_basic
D:3:      wander_river, layout_basic, serial_rivers,
          chequers_serial_rivers_micro_e, chequers_serial_rivers_micro_b,
          chequers_serial_rivers_micro_d, chequers_serial_rivers_room_b,
          corexii_hall_statues_x
D:4:      layout_layer_cave, mainiacjoe_overflow_brackets,
          hangedman_abyss_or_decor_lesser_grid, st_stairs_9,
          chequers_serial_rivers_micro_e, nicolae_shop_sticking_my_neck_out,
          uniq_eustachio
D:5:      layout_basic, bloody_makhleb, nicolae_wu_jian_immortal_techniques,
          cheibrodos_sewer_entry_bend, minmay_crystal_water, uniq_menkaure,
          uniq_blork_the_orc, uniq_edmund
D:6:      dreamdust_elfheim, layout_gridville, nicolae_yredelemnul_corpse_copse,
          uniq_crazy_yiuf_cottage
D:7:      layout_rooms, minmay_temple_entry_junction

Skill      XL: |  1  2  3  4  5  6  7  8  9 |
---------------+----------------------------+-----
Spellcasting   | 3 4 5 6 7 |  7.3
Summonings     | 5 6 7 8 |  8.7
Hexes          | 1 2 3 4 |  4.0
Air Magic      | 2 4 5 |  5.0
Dodging        | |  2.0
Stealth        | |  2.6

Action                     |  1- 3 |  4- 6 |  7- 9 || total
---------------------------+-------+-------+-------++-------
  Melee: Unarmed           |    69 |    35 |    33 ||   137
         Tentacles         |    18 |     4 |     6 ||    28
         Constrict         |    24 |    15 |     8 ||    47
         Punch             |     2 |       |       ||     2
   Cast: Summon Small Mamm |    43 |    16 |    52 ||   111
         Call Canine Famil |     2 |    13 |    39 ||    54
         Call Imp          |     1 |     6 |    30 ||    37
         Summon Guardian G |       |     3 |     9 ||    12
         Summon Lightning  |       |       |     8 ||     8
   Stab: Sleeping          |     5 |     1 |     3 ||     9
 Armour: Skin              |     7 |     7 |     4 ||    18
  Dodge: Dodged            |    41 |    35 |    89 ||   165

Table legend: (Time is in decaauts)
 A = Elapsed time spent in this place.
 B = Non-inter-level travel time spent in this place.
 C = Inter-level travel time spent in this place.
 D = Time resting spent in this place.
 E = Time spent auto-exploring this place.
 F = Levels seen in this place.
 G = Mean time per level.
                   A        B        C        D        E       F      G
               +--------+--------+--------+--------+--------+-----+--------+
         Total |  10195 |   9740 |    455 |   1980 |   6212 |   8 | 1274.4 |
       Dungeon |   9801 |   9346 |    455 |   1980 |   5949 |   7 | 1400.1 |
         Sewer |    393 |    393 |      0 |      0 |    263 |   1 |  393.0 |
               +--------+--------+--------+--------+--------+-----+--------+

Top non-repeatable levels by time:
     D:5: 2480 daAuts
     D:4: 2089 daAuts
     D:6: 2036 daAuts
     D:1: 1188 daAuts
     D:2: 1023 daAuts
     D:3: 966 daAuts
   Sewer: 393 daAuts
     D:7: 17 daAuts
